cohdb
Replays
Latest Replays
All Replays
Popular Replays
Top Player Replays
Match Explorer
How It Works
Community
CoH3 Stats
Reddit
Sign in to upload your games and track your stats! →
Sign in with Steam
Match 41218314
Unlisted
Match 41218314
Overview
Messages
Build Orders
End
Construct Weapon Support Center
Selects Heavy Weapons
Engineer Squad
M1919 Machine Gun Team
M1919 Machine Gun Team
Bazooka Squad
Selects M2HB .50cal Heavy Machine Gun
Construct Medical Station
Bazooka Squad
Infantry Support Center
M3 Armored Personnel Carrier
Selects Gallant Stand
Construct Motor Pool
M1 Anti-tank Gun Team
Selects Bolstered Team Weapons
M24 Chaffee Light Tank
Selects Assault Carriers
Selects Exchangeable Parts
M24 Chaffee Light Tank
M24 Chaffee Light Tank
Gallant Stand
Chimaera _♧_♤
Nakovalny
カルト_くん
Carliber
0
0
Comments
sign in to comment!
No comments posted yet!